Map: Pillars of Gold LE

Players

LiquidClem (Clem)

  • Race: Terran Terran
  • Spawn Location: 1:00

INnoVation - Winner!

  • Race: Terran Terran
  • Spawn Location: 7:00

Event: StayAtHomestory Cup #2

VOD

Have the link to the VOD?

Description

Time

  • Played on: June 13, 2020, 2:14 p.m.
  • Length: 13:42

All games in this series

Show
View Real Time Build Order
Export as new Build Order

LiquidClem Terran 

Build Orders: Gas First Reaper Expand 

Get SALT Encoding   

  12  0:00  SCV  
  13  0:12  SCV  
  14  0:18  Supply Depot  
  14  0:24  SCV  
  15  0:34  Refinery  
  15  0:39  SCV  
  16  0:45  Barracks  
  16  0:51  SCV  
  17  1:03  SCV  
  18  1:15  SCV  
  19  1:32  Reaper, Orbital Command  
  20  1:55  Command Center  
  20  1:58  SCV  
  21  2:04  Factory  
  21  2:10  SCV  
  21  2:12  Barracks Reactor  
  21  2:15  Supply Depot  
  21  2:22  SCV  
  22  2:24  Refinery  
  22  2:34  SCV  
  23  2:47  SCV  
  23  2:48  Starport  
  24  2:56  Hellion x2  
  28  2:59  SCV  
  29  3:05  Barracks Tech Lab  
  29  3:07  Orbital Command  
  29  3:11  SCV  
  30  3:19  Hellion x2  
  34  3:23  SCV  
  35  3:27  Medivac  
  35  3:32  Refinery  
  35  3:33  SCV  
  38  3:38  Supply Depot  
  38  3:41  SCV  
  39  3:49  Marine x2  
  39  3:51  SCV  
  42  3:58  Starport Tech Lab  
  42  3:59  Cyclone  
  42  4:01  Supply Depot  
  42  4:02  Mag-Field Accelerator  
  45  4:06  SCV  
  46  4:10  SCV  
  46  4:14  Supply Depot  
  47  4:17  Marine x2  
  47  4:20  Raven  
  47  4:23  SCV  
  52  4:26  SCV  
  51  4:35  SCV  
  51  4:38  SCV, Marine x2  
  57  4:40  Cyclone  
  58  4:47  SCV  
  58  4:48  Supply Depot  
  58  4:50  SCV  
  60  4:59  SCV  
  63  5:02  SCV  
  63  5:03  Raven  
  64  5:08  Command Center  
  64  5:11  SCV  
  65  5:14  SCV  
  65  5:15  Cyclone  
  69  5:23  SCV, Marine x2  
  69  5:26  SCV, Supply Depot  
  73  5:35  SCV  
  74  5:38  SCV  
  75  5:43  Barracks  
  75  5:45  Barracks  
  75  5:47  SCV  
  76  5:50  SCV  
  76  5:51  Supply Depot  
  76  5:52  Marine  
  76  5:53  Stimpack  
  76  5:56  Refinery  
  78  5:58  Siege Tank  
  78  6:03  SCV x2  
  83  6:11  Starport Reactor  
  83  6:12  Engineering Bay x2  
  83  6:13  Marine  
  83  6:15  SCV  
  83  6:17  SCV  
  82  6:24  Orbital Command  
  82  6:27  SCV  
  83  6:33  Barracks Reactor  
  83  6:34  Siege Tank, Marine  
  83  6:37  SCV  
  83  6:38  Supply Depot  
  88  6:44  SCV  
  88  6:46  Marine x2  
  91  6:52  Marine  
  91  6:53  Medivac x2  
  96  6:57  Supply Depot  
  96  7:01  Terran Infantry Armor Level 1, Terran Infantry Weapons Level 1  
  91  7:04  Marine  
  91  7:06  SCV, Marine  
  87  7:09  Marine  
  87  7:10  Siege Tank  
  87  7:13  Marine x2  
  93  7:18  Orbital Command  
  93  7:23  Marine x2  
  93  7:25  SCV x2  
  97  7:31  Supply Depot  
  97  7:32  Combat Shield  
  97  7:33  Marine x2  
  97  7:37  SCV, Marine  
  97  7:43  Barracks  
  97  7:44  Barracks, SCV x2  
  99  7:46  Marine  
  99  7:48  Marine  
  99  7:49  SCV  
  99  7:50  Marine  
  105  7:53  Siege Tank  
  105  7:57  SCV  
  105  7:58  SCV, Marine  
  110  8:00  Marine  
  110  8:02  SCV  
  113  8:07  Marine  
  113  8:09  SCV, Marine  
  113  8:11  Marine  
  114  8:16  Marine  
  114  8:19  Marine  
  96  8:20  SCV  
  96  8:24  SCV x2  
  96  8:25  Marine  
  96  8:26  Medivac  
  96  8:27  Marine, Medivac  
  104  8:28  Siege Tank  
  104  8:29  Marine  
  107  8:36  Refinery  
  107  8:38  Refinery  
  107  8:39  Armory, Sensor Tower  
  107  8:40  Supply Depot  
  106  8:41  Marine  
  106  8:42  Marine  
  106  8:44  Marine  
  106  8:47  Barracks Reactor  
  109  8:49  Marine x2  
  110  8:59  Marine x2, Medivac  
  110  9:00  Siege Tank  
  110  9:02  Marine  
  118  9:07  Marine x2  
  118  9:08  Supply Depot  
  119  9:12  Medivac  
  119  9:15  SCV x2  
  119  9:16  Marine  
  124  9:17  Marine  
  124  9:21  Barracks Reactor  
  124  9:29  Sensor Tower  
  124  9:30  Marine  
  124  9:31  Marine x2  
  126  9:32  Siege Tank, Marine x2  
  126  9:35  Command Center  
  126  9:36  Refinery  
  134  9:44  Marine, Supply Depot  
  134  9:48  Terran Infantry Weapons Level 2  
  134  9:50  Factory  
  134  9:52  Marine x2  
  134  9:54  Marine x2  
  134  9:56  Barracks Reactor  
  137  10:01  Supply Depot, Marine, Medivac x2  
  137  10:04  Marine x2  
  142  10:07  Terran Vehicle Weapons Level 1  
  142  10:11  Marine  
  142  10:15  Siege Tank, Marine x2  
  142  10:18  Marine  
  142  10:19  Marine x2  
  149  10:24  Terran Infantry Armor Level 2  
  149  10:28  Marine  
  149  10:30  Marine  
  149  10:31  Marine  
  149  10:33  Marine, Supply Depot  
  153  10:37  Marine x2  
  153  10:39  Siege Tank  
  153  10:42  Marine x2  
  159  10:43  Marine x2  
  162  10:51  Medivac  
  162  10:52  Marine x2  
  166  10:58  Supply Depot  
  166  11:01  Marine, Sensor Tower  
  165  11:06  Marine x2  
  165  11:08  Marine x4  
  165  11:10  Siege Tank  
  174  11:15  Marine x2  
  174  11:17  Marine  
  168  11:19  Marine  
  168  11:24  Marine x2  
  163  11:25  Marine  
  163  11:29  Siege Tank  
  163  11:30  Marine x2, Medivac  
  159  11:33  Marine x2  
  159  11:35  Marine  
  159  11:36  Marine  
  159  11:37  Marine  
  142  11:41  Marine  
  142  11:42  Planetary Fortress  
  142  11:44  SCV  
  142  11:45  SCV  
  132  11:51  Medivac  
  132  11:52  Marine x5  
  139  11:55  SCV  
  139  11:56  SCV  
  139  11:58  Siege Tank  
  144  12:01  Marine x2  
  144  12:02  Marine x3  
  143  12:10  Marine x2  
  143  12:12  Siege Tank  
  143  12:13  Marine x2  
  148  12:18  Refinery x2  
  148  12:20  Viking  
  148  12:22  Marine  
  151  12:29  Marine  
  152  12:31  Marine  
  152  12:33  Siege Tank  
  152  12:35  Medivac  
  152  12:36  Marine  
  152  12:37  Marine x4  
  154  12:39  Marine x2  
  159  12:48  Siege Tank  
  162  12:57  Viking  
  164  13:07  Siege Tank  
  164  13:11  Marine  
  164  13:12  Marine x2  
  169  13:15  Marine  
  169  13:16  Marine x3  
  161  13:23  Marine  
Show
View Real Time Build Order
Export as new Build Order

INnoVation Terran - Winner!

Build Orders: Reaper Expand 

Get SALT Encoding   

  12  0:00  SCV  
  13  0:13  SCV  
  14  0:17  Supply Depot  
  14  0:25  SCV  
  15  0:39  SCV  
  15  0:40  Barracks  
  16  0:45  Refinery  
  16  0:51  SCV  
  17  1:03  SCV  
  18  1:15  SCV  
  19  1:28  Orbital Command, Reaper  
  20  1:44  Command Center  
  20  1:56  SCV  
  20  1:59  Marine  
  20  2:00  Supply Depot  
  22  2:08  SCV  
  23  2:14  Factory  
  23  2:21  SCV  
  24  2:22  Barracks Reactor  
  24  2:24  Refinery  
  24  2:33  SCV  
  25  2:45  SCV  
  26  2:58  Hellion, SCV, Starport  
  29  2:59  Orbital Command  
  29  3:00  Marine  
  29  3:01  Marine  
  31  3:10  SCV  
  31  3:12  Refinery  
  32  3:18  Marine  
  32  3:19  Marine, Factory Tech Lab  
  34  3:22  SCV  
  34  3:26  SCV  
  36  3:35  Starport Tech Lab  
  36  3:39  SCV, Siege Tank  
  36  3:40  SCV, Marine x2  
  43  3:47  Supply Depot  
  43  3:53  SCV  
  45  3:57  Raven  
  45  3:58  Marine  
  45  4:00  Marine, Supply Depot  
  46  4:09  SCV x2  
  48  4:11  Siege Tank  
  48  4:15  Supply Depot  
  48  4:16  Marine  
  52  4:21  SCV x2  
  50  4:35  SCV x2  
  50  4:37  Marine x2  
  52  4:41  Raven  
  54  4:48  SCV  
  54  4:49  SCV  
  54  4:50  Siege Tank  
  59  4:54  Marine x2  
  61  5:00  SCV, Supply Depot  
  61  5:01  SCV  
  63  5:12  Marine x2  
  65  5:14  SCV  
  65  5:16  SCV, Command Center  
  65  5:20  Refinery  
  67  5:23  Siege Tank  
  71  5:28  SCV x2, Supply Depot  
  71  5:35  Viking  
  74  5:36  Viking  
  74  5:41  SCV x2  
  74  5:42  Stimpack  
  78  5:49  Marine  
  78  5:53  SCV x2, Supply Depot  
  78  5:55  Siege Tank  
  84  6:05  Viking  
  86  6:11  Marine  
  86  6:12  Supply Depot  
  86  6:14  SCV  
  86  6:15  SCV, Viking  
  89  6:26  SCV  
  89  6:27  SCV  
  89  6:28  Siege Tank  
  89  6:29  Marine  
  89  6:30  Orbital Command  
  95  6:33  Barracks  
  95  6:34  Barracks  
  94  6:42  Viking  
  94  6:45  Viking  
  94  6:47  SCV x2  
  96  6:49  Marine  
  91  6:58  SCV  
  91  6:59  SCV x2  
  93  7:01  Siege Tank  
  87  7:11  SCV x3  
  87  7:14  Marine  
  91  7:24  SCV x2  
  91  7:26  Viking x2, Orbital Command  
  94  7:35  Siege Tank  
  97  7:37  Barracks Reactor  
  97  7:38  Marine, Combat Shield  
  97  7:41  SCV x2  
  100  7:49  Engineering Bay x2  
  100  7:59  Barracks Reactor  
  100  8:00  SCV x2  
  100  8:01  SCV, Barracks  
  100  8:03  Marine  
  100  8:04  Barracks  
  104  8:07  Siege Tank  
  91  8:22  SCV  
  91  8:23  SCV x2, Marine x2  
  91  8:24  Marine  
  93  8:30  Terran Infantry Armor Level 1, Terran Infantry Weapons Level 1  
  93  8:31  Medivac  
  93  8:32  Medivac  
  97  8:35  SCV x3  
  97  8:37  Marine x2  
  102  8:41  Marine x3  
  102  8:43  Siege Tank  
  102  8:47  SCV  
  102  8:48  SCV x2  
  111  8:49  Refinery x2  
  111  8:50  Supply Depot  
  111  8:51  Barracks Reactor x2, Supply Depot  
  111  8:54  Marine  
  112  8:58  Marine  
  112  8:59  Marine x3  
  116  9:06  Medivac  
  116  9:09  SCV  
  117  9:11  Medivac  
  117  9:12  SCV x2, Marine  
  117  9:13  Supply Depot  
  117  9:14  Supply Depot  
  117  9:16  Marine  
  117  9:17  Siege Tank, Marine x2  
  120  9:29  Marine  
  118  9:31  Marine x4  
  118  9:34  Marine  
  118  9:35  Marine x2  
  125  9:39  Sensor Tower  
  125  9:43  Armory  
  125  9:44  SCV x3  
  125  9:45  Barracks Reactor  
  128  9:47  Marine  
  128  9:49  Marine x4  
  133  9:56  Sensor Tower  
  133  9:58  Viking x2  
  137  10:01  Marine  
  137  10:02  Marine x2  
  137  10:05  Marine  
  139  10:07  Marine x2  
  139  10:10  Siege Tank  
  144  10:14  Factory  
  144  10:23  Marine x2  
  144  10:24  Marine x3  
  149  10:36  Terran Infantry Armor Level 2, Terran Infantry Weapons Level 2  
  149  10:58  Supply Depot  
  149  11:00  Marine x5  
  149  11:01  Siege Tank, Marine x4, Medivac x2  
  165  11:10  Marine  
  165  11:12  Siege Tank  
  162  11:18  Marine x3  
  162  11:23  Marine x2  
  162  11:24  Marine x4  
  161  11:28  Marine  
  154  11:36  Marine x3  
  154  11:39  SCV x3  
  129  11:40  Marine x2  
  129  11:41  Marine x2  
  129  11:42  Marine x2  
  129  11:46  Marine  
  133  11:54  Marine x3  
  133  11:58  Marine x2, Factory Tech Lab x2  
  133  11:59  Marine x2, Medivac x2  
  133  12:00  Marine x2  
  146  12:04  Marine  
  144  12:13  Marine x3  
  147  12:17  Siege Tank, Marine  
  147  12:19  Siege Tank, Marine  
  147  12:21  Command Center  
  147  12:22  Marine  
  156  12:23  Marine  
  150  12:39  Medivac x2, Supply Depot x2  
  150  12:40  Marine x4  
  158  12:47  Marine  
  159  12:56  Siege Tank x2  
  163  13:07  Marine x10  
Tags
 
Add a new tag
Caveats
  • Supply blocks, unpowered buildings, or Contaminate may cause inaccurate times.
  • Supply counts are checked every 10 seconds.